 Dungeon Crawl Stone Soup version 0.28-a0-46-g7b1be97da7 (webtiles) character file.

Game seed: 12177708246726470740

36 Spaninq the Ruffian (level 3, -6/27 HPs)
             Began as a Palentonga Transmuter on July 29, 2021.
             Killed from afar by a white imp (10 damage)
             ... with a puff of frost
             ... summoned by Natasha
             ... on level 2 of the Dungeon.
             The game lasted 00:02:22 (845 turns).

Spaninq the Ruffian (Palentonga Transmuter)          Turns: 845, Time: 00:02:24

Health: -6/27      AC:  4    Str: 14    XL:     3   Next: 19%
Magic:  6/6        EV:  9    Int: 13    God:
Gold:   30         SH:  0    Dex: 10    Spells: 5/6 levels left

rFire   . . .      SeeInvis +     - Unarmed
rCold   . . .      Faith    .   (no shield)
rNeg    . . .      Spirit   .   a - +0 robe
rPois   .          Reflect  .   (helmet currently unavailable)
rElec   .          Harm     .   (no cloak)
rCorr   .          Rampage  .   (no gloves)
Will    .....                   (no barding)
Stlth   +.........              (no amulet)
HPRegen 0.09/turn               (no ring)
MPRegen 0.10/turn               (no ring)

@: appendages (expiring), slowed, very slow
A: horns 2, talons 2, large, rugged brown scales 3, see invisible, deformed
body, roll 1, armoured tail
a: Rolling Charge, End Transformation


You were on level 2 of the Dungeon.
You had temporarily grown beastly horns and talons.
You visited 1 branch of the dungeon, and saw 2 of its levels.

You collected 30 gold pieces.

Inventory:

Armour
 a - a +0 robe (worn)
Scrolls
 b - a scroll of silence {unknown}
 e - 2 scrolls of magic mapping {unknown}
 f - a scroll of enchant armour {unknown}
 g - a scroll of teleportation {unknown}
 i - a scroll of holy word {unknown}
Potions
 c - a potion of heal wounds {unknown}
 h - a potion of invisibility


   Skills:
 + Level 1.5 Fighting
 - Level 1.5 Dodging
 * Level 3.6 Unarmed Combat
 + Level 2.3 Spellcasting
 + Level 2.4 Transmutations


You had 5 spell levels left.
You knew the following spells:

 Your Spells              Type           Power      Damage    Failure   Level
a - Beastly Appendage     Tmut           14%        N/A       10%         1

Your spell library contained the following spells:

 Spells                   Type           Power      Damage    Failure   Level
 Wereblood                Tmut           7%         N/A       14%         2
 Spider Form              Tmut/Pois      2%         N/A       41%         3
 Ice Form                 Ice/Tmut       4%         N/A       83%         4


Dungeon Overview and Level Annotations

Branches:
Dungeon (2/15)

Altars:

Annotations:
D:2 Natasha


Innate Abilities, Weirdness & Mutations

You have temporarily grown beastly horns and talons.
You are completely covered in rugged brown scales. (AC +3, +7% HP)
You have supernaturally acute eyesight. (SInv)
Armour fits poorly on your strangely shaped body.
You can roll at nearby foes to attack.
You have a long armoured tail.


Message History

Natasha hisses angrily.
Natasha mumbles some strange words.
Casting: Beastly Appendage (safe; 10% risk of failure)
Confirm with . or Enter, or press ? or * to list all spells.
You grow a pair of large bovine horns.
Your feet morph into talons.
You hit the bat.
You kill the bat!
Natasha drinks a potion.
Natasha flickers and vanishes for a moment.
Natasha barely misses you.
You hit Natasha but do no damage. Your kick misses Natasha.
Your transformation is almost over.
Natasha casts a spell at you.
You feel yourself slow down. The white imp closely misses you.
You hit Natasha. Your kick misses Natasha.
You tail-slap Natasha, but do no damage.
Natasha is moderately wounded.
Natasha claws you.
The white imp lashes its tail.
The white imp closely misses you.
You barely miss Natasha. You claw Natasha.
Natasha is heavily wounded.
Natasha casts a spell at you. You resist with significant effort.
The white imp gestures at you. The puff of frost hits you! Natasha claws you.
The white imp gestures at you. The puff of frost hits you.
* * * LOW HITPOINT WARNING * * *
It was a potion of curing.
You feel better. Natasha claws you.
* * * LOW HITPOINT WARNING * * *
The white imp barely misses you.
You feel better. Natasha claws you. The white imp gestures at you.
The puff of frost hits you.
* * * LOW HITPOINT WARNING * * *
Natasha closely misses you. The white imp gestures at you.
The puff of frost hits you!
You die...

≈≈...≈. ..≈.≈.≈
≈≈≈≈≈.≈ ≈≈≈.≈≈≈ .....
.≈≈####### #5h.....#.
#.@....... ..#
####......## ..#
#..'.......# ..#
#.##.......+ ..
#########'########.#
. #.#.............# #
# #.#.###............
###.#................
..............(....##


You could see Natasha (invisible) and a white imp (summoned).

Vanquished Creatures
  2 adders (D:2)
  A dart slug (D:1)
  2 goblins (D:1)
  3 ball pythons
  7 bats
  2 frilled lizards
  A kobold (D:2)
  A rat (D:2)
19 creatures vanquished.

Notes
Turn   | Place    | Note
-------+----------+-------------------------------------------
     0 | D:1      | Spaninq the Palentonga Transmuter began the quest for the
                  | Orb.
     0 | D:1      | Reached XP level 1. HP: 16/16 MP: 3/3
   241 | D:1      | Found a faded altar of an unknown god.
   451 | D:1      | Reached XP level 2. HP: 18/22 MP: 3/5
   788 | D:2      | Reached XP level 3. HP: 27/27 MP: 3/6
   836 | D:2      | Noticed Natasha
   845 | D:2      | Killed from afar by a white imp

Illustrated notes

Levels and vault maps discovered:
D:1:      minmay_arrival_stair_chambers, layout_basic,
          shapermc_ecumenical_altar_acropolis
D:2:      layout_basic, chequers_serial_rivers_small_3, uniq_natasha

Action                   || total
-------------------------++-------
Melee: Unarmed           ||    37
       Headbutt          ||     7
       Tailslap          ||     4
       Kick              ||     2
 Cast: Beastly Appendage ||    13
 Abil: Rolling Charge    ||     9
  Use: Potion            ||     2
Armor: Robe              ||    13
Dodge: Dodged            ||    18

Table legend: (Time is in decaauts)
 A = Elapsed time spent in this place.
 B = Non-inter-level travel time spent in this place.
 C = Inter-level travel time spent in this place.
 D = Time resting spent in this place.
 E = Time spent auto-exploring this place.
 F = Levels seen in this place.
 G = Mean time per level.
                   A        B        C        D        E       F      G
               +--------+--------+--------+--------+--------+-----+--------+
         Total |    844 |    843 |      1 |      0 |    720 |   2 |  422.0 |
       Dungeon |    844 |    843 |      1 |      0 |    720 |   2 |  422.0 |
               +--------+--------+--------+--------+--------+-----+--------+

Top non-repeatable levels by time:
     D:1: 677 daAuts
     D:2: 166 daAuts
